 Dungeon Crawl Stone Soup version 0.28.0-53-g5a82cb258f (webtiles) character file.

Game seed: 6915213504610935927

114709 DocClef the Executioner (level 16, -8/162 HPs)
             Began as a Minotaur Berserker on July 4, 2022.
             Was a High Priest of Trog.
             Shot with an arrow by a naga sharpshooter (23 damage)
             ... on level 1 of the Snake Pit.
             The game lasted 00:50:56 (31012 turns).

DocClef the Executioner (Minotaur Berserker)       Turns: 31012, Time: 00:50:57

Health: -8/162     AC: 17    Str: 29    XL:     16   Next: 17%
Magic:  5/5        EV: 11    Int:  6    God:    Trog [*****.]
Gold:   1291       SH:  0    Dex:  8    Spells: 15/15 levels left

rFire   + . .      SeeInvis .   y - +2 executioner's axe (antimagic)
rCold   + . .      Faith    +   (shield currently unavailable)
rNeg    + . .      Spirit   .   S - +1 scale mail of Coosibbe {rF+ Will+++ Str+4 Dex-5}
rPois   +          Reflect  .   (helmet restricted)
rElec   +          Harm     .   j - +2 cloak {Will+}
rCorr   .          Rampage  .   C - +0 pair of gloves
Will    +++++                   q - +0 pair of boots
Stlth   ..........              Y - amulet of Koluh {Faith rN+ Str-4 Int+2 Slay+3}
HPRegen 1.37/turn               w - ring of poison resistance
MPRegen 0.09/turn               P - ring "Hebraes" {Contam rElec rC+ Int+2 Slay+3}

@: lethally poisoned (-8 -> -8), strong-willed, regenerating, studying Staves
A: horns 2, retaliatory headbutt, beak, talons 1, dopey 1, passive freeze,
strong 1
a: Renounce Religion, Berserk, Trog's Hand, Brothers in Arms


You were on level 1 of the Snake Pit.
You worshipped Trog.
Trog was extremely pleased with you.
You visited 5 branches of the dungeon, and saw 22 of its levels.
You also visited: Volcano.

You collected 3271 gold pieces.
You spent 1980 gold pieces at shops.

Inventory:

Hand Weapons
 y - a +2 antimagic executioner's axe (weapon)
 G - a +2 vampiric war axe
 J - a +0 broad axe
 N - a +6 vorpal battleaxe
Missiles
 D - 2 throwing nets (quivered)
Armour
 j - a +2 cloak of willpower (worn)
 q - a +0 pair of boots (worn)
 C - a +0 pair of gloves (worn)
 R - the +1 plate armour of the Shining Light {rC+ Will+}
   (You found it on level 12 of the Dungeon)

   rC:        It protects you from cold.
   Will:      It increases your willpower.
 S - the +1 scale mail of Coosibbe (worn) {rF+ Will+++ Str+4 Dex-5}
   (You found it on level 12 of the Dungeon)

   Str:       It affects your strength (+4).
   Dex:       It affects your dexterity (-5).
   rF:        It protects you from fire.
   Will:      It greatly increases your willpower.
Jewellery
 a - an amulet of reflection
 h - the amulet of Wishful Thinking {Spirit +Blink rElec MP-9 Stlth+}
   (You acquired it on level 6 of the Lair of Beasts)

   [amulet of guardian spirit]

   It causes incoming damage to be divided between your reserves of health and
   magic.
   rElec:     It insulates you from electricity.
   MP:        It affects your magic capacity (-9).
   +Blink:    It lets you blink.
   Stlth:     It makes you more stealthy.
 m - a ring of see invisible
 w - a ring of poison resistance (left hand)
 O - a ring of fire
 P - the ring "Hebraes" (right hand) {Contam rElec rC+ Int+2 Slay+3}
   (You found it on level 12 of the Dungeon)

   [ring of protection from cold]

   Int:       It affects your intelligence (+2).
   Slay:      It affects your accuracy & damage with ranged weapons and melee
   (+3).
   rC:        It protects you from cold.
   rElec:     It insulates you from electricity.
   Contam:    It causes magical contamination when unequipped.
 Q - a +6 ring of dexterity
 V - an amulet of magic regeneration
 W - the ring of Xayst {rC+ Will++}
   (You bought it in a shop on level 2 of the Orcish Mines)

   [ring of protection from cold]

   rC:        It protects you from cold.
   Will:      It greatly increases your willpower.
 Y - the amulet of Koluh (around neck) {Faith rN+ Str-4 Int+2 Slay+3}
   (You bought it in a shop on level 2 of the Orcish Mines)

   [amulet of faith]

   It allows you to gain divine favour quickly.
   Str:       It affects your strength (-4).
   Int:       It affects your intelligence (+2).
   Slay:      It affects your accuracy & damage with ranged weapons and melee
   (+3).
   rN:        It protects you from negative energy.
Wands
 b - a wand of paralysis (8)
 k - a wand of iceblast (18)
 o - a wand of flame (34)
 p - a wand of mindburst (7)
 T - a wand of acid (5)
 U - a wand of digging (10)
Scrolls
 g - 12 scrolls of teleportation
 i - a scroll of magic mapping
 l - 2 scrolls of blinking
 r - 3 scrolls of fog
 s - 3 scrolls of fear
 v - a scroll of enchant armour
 E - 3 scrolls of enchant weapon
 F - 2 scrolls of silence
 X - a scroll of identify
Potions
 d - 3 potions of might
 e - 2 potions of resistance
 f - 4 potions of attraction
 n - 6 potions of lignification
 t - 7 potions of heal wounds
 u - 3 potions of ambrosia
 x - a potion of magic {unknown}
 A - 2 potions of mutation
 B - 3 potions of invisibility
 H - 4 potions of berserk rage
 K - 2 potions of haste
 L - 2 potions of cancellation
Miscellaneous
 c - a box of beasts
 z - a condenser vane
 M - a phial of floods


   Skills:
 - Level 20.0 Fighting
 + Level 21.7 Axes
 - Level 13.0 Armour
 - Level 2.1 Dodging
 - Level 11.1 Evocations


You had 15 spell levels left.
You didn't know any spells.
Your spell library was empty.

Dungeon Overview and Level Annotations

Branches:
Dungeon (12/15)            Temple (0/1) D:6            Lair (6/6) D:10
  Swamp (0/4) Lair:4        Snake (1/4) Lair:2        Slime (0/5) Lair:6
    Orc (2/2) D:12            Elf (1/3) Orc:2       Volcano (visited)

Altars:
Dithmenos
Kikubaaqudgha
Nemelex Xobeh
Trog
Vehumet
Xom
Beogh

Shops:
D:4 (   D:6 [   D:8 !   D:10 =   Orc:2 !!=(   Elf:1 =   Snake:1 =

Portals:
Trove: D:10 (give +5 ice dragon scales)

Annotations:
Lair:6 exclusion: 2 oklob plants


Innate Abilities, Weirdness & Mutations

You have a pair of horns on your head.
You reflexively headbutt those who attack you in melee.
You have a beak for a mouth.
You have sharp toenails.
You are dopey. (Int -2)
A frigid envelope surrounds you and freezes all who hurt you.
Your muscles are strong. (Str +2)


Message History

You feel strong-willed.
You feel very sick. The black mamba barely misses you.
The black mamba bites you but does no damage.
The black mamba is very cold.
The black mamba seems to slow down.
The black mamba is lightly wounded.
The anaconda bites you!
* * * LOW HITPOINT WARNING * * *
The anaconda is very cold.
The anaconda seems to slow down.
The anaconda is heavily wounded.
The anaconda constricts you.
* * * LOW HITPOINT WARNING * * *
The black mamba closely misses you.
You slice the black mamba like a ripe choko!!!
You kill the black mamba!
Trog accepts your kill.
You barely miss the anaconda. You slash the black mamba!
You feel sick.
The black mamba bites you but does no damage.
The black mamba is very cold.
The black mamba is heavily wounded.
The anaconda barely misses you. You furiously retaliate!
You headbutt the anaconda!! The anaconda constricts you.
You slash the anaconda!
You kill the anaconda!
Trog accepts your kill.
You slice the black mamba!!
You kill the black mamba!
Trog accepts your kill.
You feel sick.
You start resting.
You feel sick.
A naga sharpshooter comes into view. It is wielding a +0 war axe.
A naga sharpshooter is nearby!
A naga sharpshooter is nearby!
You feel sick.
The naga sharpshooter unwields a +0 war axe.
The naga sharpshooter wields a +0 longbow.
The naga sharpshooter shoots an arrow.
The arrow hits you!
* * * LOW HITPOINT WARNING * * *
You feel sick.
The naga sharpshooter shoots an arrow.
The arrow hits you!!
You die...

#......+ ####......#
N........# #........
#...... #.)))+++# #
#.......##.#
#.#†......$#
##..#@..####+++##
..#.......#.[.....#
...........'.......#
########...'.......#
#...'......#
#...'.....# ###
#.###)...## #.##<##
##.# ##†.##
.).##.#...#
+..####''###


You could see a naga sharpshooter.

Vanquished Creatures
  A nagaraja (Snake:1)
  A deep elf demonologist (Elf:1)
  The ghost of Vaimnom the Brawler, a journeyman VSMo of Zin (Orc:1)
  A deep elf annihilator (Elf:1)
  A deep elf death mage (Elf:1)
  The ghost of hbsock the Severer, a journeyman HOCA of the Shining One (D:9)
  4 hydras
  A boulder beetle (D:12)
  Erolcha (Orc:2)
  A vault guard (D:10)
  3 centaur warriors
  Fannar (D:11)
  6 death yaks (Lair:3)
  A dancing weapon (Elf:1)
  2 ogre magi
  10 two-headed ogres
  A tengu warrior (D:11)
  2 anacondas (Snake:1)
  2 shock serpents (Snake:1)
  A fire crab (Lair:5)
  2 naga sharpshooters (Snake:1)
  4 deep elf knights (Elf:1)
  Nergalle (D:11)
  Sonja (Orc:2)
  A goliath frog (Lair:5)
  4 deep elf archers (Elf:1)
  2 naga ritualists (Snake:1)
  11 deep elf pyromancers (Elf:1)
  8 orc sorcerers (Orc:2)
  15 deep elf zephyrmancers (Elf:1)
  2 manticores (D:12)
  2 ugly things (D:10)
  6 cyclopes
  3 salamanders
  3 mana vipers (Snake:1)
  13 black mambas
  11 elephants
  A naga mage (Snake:1)
  A cane toad (shapeshifter) (D:10)
  2 torpor snails
  21 cane toads
  A gargoyle (D:12)
  An unseen horror (D:12)
  Maggie (D:9)
  Psyche (D:9)
  3 rime drakes
  A freezing wraith (D:12)
  12 komodo dragons
  A merfolk (D:12)
  4 polar bears
  A troll (D:12)
  6 tyrant leeches
  6 meliai (Lair:5)
  Grinder (D:6)
  48 blink frogs
  A centaur simulacrum (D:12)
  52 yaks
  2 vampires (D:10)
  2 wraiths (D:12)
  9 wyverns
  Sigmund (D:3)
  A shadow (D:11)
  A fire bat (Volcano)
  A fire elemental (Elf:1)
  A basilisk (Lair:5)
  9 vampire mosquitoes
  A swamp worm (Lair:4)
  Menkaure (D:7)
  2 wargs (Orc:1)
  2 two-headed ogre zombies (D:12)
  An acid dragon (D:12)
  9 nagas
  14 water moccasins
  Duvessa (D:7)
  2 hell hounds (Volcano)
  An ice beast (D:7)
  7 orc warriors
  A sky beast (D:5)
  3 black bears
  A necrophage (D:5)
  4 ogres
  3 phantoms
  17 wolves
  15 centaurs
  2 kobold brigands
  Blork the orc (D:5)
  13 bullfrogs
  3 scorpions
  3 earth elementals (Elf:1)
  Dowan (D:7)
  33 killer bees
  8 wights
  An electric eel (Lair:2)
  4 howler monkeys
  3 centaur zombies
  5 orc priests
  2 hounds (D:6)
  Crazy Yiuf (D:3)
  4 jellies
  Ijyb (D:3)
  4 iguanas
  21 orc wizards
  A hell rat (Lair:5)
  2 killer bee zombies
  6 ogre zombies (D:12)
  2 howler monkey zombies (D:9)
  2 gnolls (D:2)
  5 adders
  4 river rats
  4 white imps
  5 dart slugs
  2 worms
  59 orcs
  12 endoplasms
  6 giant cockroaches (D:4)
  11 goblins
  9 hobgoblins
  10 jackals
  4 quokkas
  9 ball pythons
  7 bats
  8 frilled lizards
  2 goblin skeletons (D:12)
  2 goblin zombies (D:12)
  4 hobgoblin zombies (D:12)
  14 kobolds
  3 orc skeletons (D:12)
  14 orc zombies (D:12)
  9 rats
734 creatures vanquished.

Vanquished Creatures (collateral kills)
  3 hydras
  A centaur warrior (D:12)
  A queen bee (Lair:5)
  A vampire (D:12)
  A water moccasin (Lair:5)
  A killer bee (Lair:5)
8 creatures vanquished.

Vanquished Creatures (others)
  A deep elf knight (Elf:1)
  A deep elf archer (Elf:1)
  An air elemental (Elf:1)
  An orc wizard (Orc:2)
  A bush (Lair:6)
  44 fungi
  114 plants
163 creatures vanquished.

Grand Total: 905 creatures vanquished

Notes
Turn   | Place    | Note
-------+----------+-------------------------------------------
     0 | D:1      | DocClef the Minotaur Berserker began the quest for the Orb.
     0 | D:1      | Reached XP level 1. HP: 19/19 MP: 0/0
   118 | D:1      | Reached skill level 4 in Axes
   166 | D:1      | Reached XP level 2. HP: 21/26 MP: 1/1
   572 | D:1      | Reached skill level 5 in Axes
   706 | D:1      | Reached XP level 3. HP: 30/31 MP: 2/2
   784 | D:1      | Reached ** piety under Trog
  1650 | D:2      | Reached XP level 4. HP: 37/39 MP: 3/3
  1653 | D:2      | Reached skill level 6 in Axes
  1673 | D:2      | Found a faded altar of an unknown god.
  2431 | D:2      | Identified the +3 ring mail "Sekhiac" {Rampage rC+ Slay-2}
  2792 | D:3      | Noticed Sigmund
  2804 | D:3      | Killed Sigmund
  2805 | D:3      | Reached skill level 8 in Axes
  2805 | D:3      | Reached XP level 5. HP: 45/45 MP: 4/4
  2805 | D:3      | Reached XP level 6. HP: 51/51 MP: 5/5
  2956 | D:3      | Noticed Ijyb
  2959 | D:3      | Paralysed by Ijyb for 6 turns
  2968 | D:3      | Paralysed by Ijyb for 4 turns
  2977 | D:3      | Paralysed by Ijyb for 2 turns
  2981 | D:3      | Killed Ijyb
  3176 | D:3      | Reached *** piety under Trog
  3496 | D:3      | Found a runed translucent door.
  3497 | D:3      | Noticed Crazy Yiuf
  3676 | D:3      | Killed Crazy Yiuf
  3737 | D:4      | Reached skill level 9 in Axes
  3910 | D:4      | Found Xaedot's Weapon Shoppe.
  4407 | D:4      | Identified the +1 leather armour of the King of the Hill
                  | {Harm Will+}
  4410 | D:4      | Reached XP level 7. HP: 55/57 MP: 6/6
  4737 | D:5      | Entered Level 5 of the Dungeon
  4814 | D:5      | Reached skill level 10 in Axes
  5170 | D:5      | Found a bloodstained altar of Trog.
  5313 | D:5      | Noticed Blork the orc
  5322 | D:5      | Killed Blork the orc
  5323 | D:5      | Reached skill level 11 in Axes
  5840 | D:6      | Noticed Grinder
  5860 | D:6      | Killed Grinder
  5861 | D:6      | Reached skill level 12 in Axes
  5861 | D:6      | Reached XP level 8. HP: 48/64 MP: 7/7
  6293 | D:6      | Found a staircase to the Ecumenical Temple.
  6378 | D:6      | Found Acryarim's Antique Armour Emporium.
  6385 | D:6      | Reached skill level 13 in Axes
  6789 | D:7      | Noticed Duvessa
  6789 | D:7      | Noticed Dowan
  6794 | D:7      | Killed Dowan
  6795 | D:7      | Killed Duvessa
  6902 | D:7      | Noticed Menkaure
  6906 | D:7      | Reached skill level 14 in Axes
  6910 | D:7      | Reached XP level 9. HP: 14/72 MP: 8/8
  6914 | D:7      | Reached skill level 5 in Fighting
  6914 | D:7      | HP: 5/111 [??? (2)]
  6917 | D:7      | Killed Menkaure
  7190 | D:7      | Reached **** piety under Trog
  8536 | D:8      | Found Haivak's Distillery.
  8546 | D:8      | Bought a potion of degeneration for 14 gold pieces
  8546 | D:8      | Bought a potion of heal wounds for 70 gold pieces
  8822 | D:8      | Reached skill level 15 in Axes
  9035 | D:8      | Found a shimmering altar of Xom.
  9076 | D:8      | Found a sparkling altar of Nemelex Xobeh.
  9306 | D:9      | Noticed Maggie
  9319 | D:9      | Killed Maggie
  9320 | D:9      | Reached XP level 10. HP: 50/91 MP: 9/9
  9986 | D:9      | Noticed Psyche
 10002 | D:9      | Killed Psyche
 10153 | D:9      | Reached skill level 10 in Fighting
 10451 | D:9      | Noticed a two-headed ogre
 10451 | D:9      | Identified the +8 dire flail "Qoet" {vorpal, Will+ MP-9
                  | Str+3 Int+2}
 10451 | D:9      | Identified the +6 great mace "Hod Xase" {vorpal, Int+4}
 10451 | D:9      | Noticed a two-headed ogre
 10452 | D:9      | Noticed hbsock's ghost (journeyman HOCA)
 10453 | D:9      | Found a transporter.
 10453 | D:9      | Noticed a two-headed ogre
 10490 | D:9      | Reached skill level 16 in Axes
 10720 | D:9      | Found a transporter.
 10810 | D:10     | Entered Level 10 of the Dungeon
 10828 | D:10     | Noticed an ogre mage
 10831 | D:10     | Noticed a cane toad
 10837 | D:10     | Killed a cane toad
 10838 | D:10     | Killed an ogre mage
 11106 | D:10     | Noticed a centaur warrior
 11114 | D:10     | Killed a centaur warrior
 11230 | D:10     | Noticed a green ugly thing
 11240 | D:10     | Killed a green ugly thing
 11241 | D:10     | Reached XP level 11. HP: 93/105 MP: 10/10
 11555 | D:10     | Found Cagry's Jewellery Emporium.
 11584 | D:10     | Found a shadowy altar of Dithmenos.
 11601 | D:10     | Reached skill level 5 in Armour
 11863 | D:10     | Noticed a cyan ugly thing
 11873 | D:10     | Killed a cyan ugly thing
 12144 | D:10     | Noticed a two-headed ogre
 12151 | D:10     | Killed a two-headed ogre
 12278 | D:10     | Found a staircase to the Lair.
 12285 | Lair:1   | Entered Level 1 of the Lair of Beasts
 13399 | Lair:2   | Reached skill level 10 in Armour
 13866 | Lair:2   | Found a staircase to the Snake Pit.
 14271 | Lair:2   | Reached XP level 12. HP: 113/113 MP: 11/11
 14311 | Lair:2   | Noticed a seven-headed hydra
 14321 | Lair:2   | Killed a seven-headed hydra
 14684 | Lair:2   | Reached skill level 1 in Evocations
 15359 | Lair:3   | Reached skill level 5 in Evocations
 15498 | Lair:3   | Noticed a death yak
 15502 | Lair:3   | Reached ***** piety under Trog
 15503 | Lair:3   | Noticed a death yak
 15503 | Lair:3   | Noticed a death yak
 15506 | Lair:3   | Noticed a death yak
 15508 | Lair:3   | Noticed a death yak
 15510 | Lair:3   | Noticed a death yak
 15511 | Lair:3   | Killed a death yak
 15515 | Lair:3   | Killed a death yak
 15516 | Lair:3   | Killed a death yak
 15520 | Lair:3   | Killed a death yak
 15522 | Lair:3   | Killed a death yak
 15522 | Lair:3   | Killed a death yak
 15941 | Lair:3   | Noticed a four-headed hydra
 15958 | Lair:3   | Killed a ten-headed hydra
 15959 | Lair:3   | Reached XP level 13. HP: 119/119 MP: 12/12
 16304 | Lair:4   | Reached skill level 10 in Evocations
 16682 | Lair:4   | You fall into a shaft and drop 1 floor!
 16933 | Lair:4   | Found a staircase to the Swamp.
 17647 | Lair:5   | Received a gift from Trog
 17661 | Lair:5   | HP: 5/123 [blink frog (13)]
 18568 | Lair:5   | Reached skill level 15 in Fighting
 18911 | Lair:5   | HP: 2/128 [meliai/+0 broad axe (9)]
 19629 | Lair:6   | Entered Level 6 of the Lair of Beasts
 19658 | Lair:6   | Reached XP level 14. HP: 126/137 MP: 13/13
 19753 | Lair:6   | Identified 2 scrolls of acquirement
 19753 | Lair:6   | Acquired 800 gold pieces
 19755 | Lair:6   | Acquired the amulet of Wishful Thinking {Spirit +Blink
                  | rElec MP-9 Stlth+}
 21078 | Lair:6   | Reached skill level 17 in Axes
 21552 | Lair:6   | Identified the +3 arbalest of Rociajol {elec, rF+ rCorr}
 21648 | Lair:6   | Found a staircase to the Slime Pits.
 21880 | D:9      | Killed hbsock's ghost
 21948 | D:11     | Reached skill level 18 in Axes
 22085 | D:11     | Identified the +6 leather armour of the Sun {Str+3}
 22200 | D:11     | Noticed Fannar
 22230 | D:11     | Killed Fannar
 22533 | D:11     | Noticed Nergalle
 22543 | D:11     | Killed Nergalle
 22927 | D:10     | Found a portal to a secret trove of treasure.
 23484 | D:12     | Reached skill level 19 in Axes
 23494 | D:12     | HP: 5/140 [eight-headed hydra (6)]
 24270 | D:12     | Found a staircase to the Orcish Mines.
 24276 | D:12     | Reached XP level 15. HP: 147/147 MP: 5/14
 24294 | D:12     | Reached skill level 20 in Axes
 24357 | D:12     | Identified the +1 scale mail of Coosibbe {rF+ Will+++ Str+4
                  | Dex-5}
 24358 | D:12     | Identified the ring "Hebraes" {Contam rElec rC+ Int+2
                  | Slay+3}
 24363 | D:12     | Identified the +1 plate armour of the Shining Light {rC+
                  | Will+}
 24782 | D:12     | Identified the +2 helmet of Eternal Night {Fly rC- Str+4
                  | SInv}
 25090 | Orc:1    | Entered Level 1 of the Orcish Mines
 25160 | Orc:2    | Entered Level 2 of the Orcish Mines
 25199 | Orc:2    | Found a dark tunnel.
 25218 | Volcano  | Entered a volcano
 25589 | Orc:2    | Noticed Sonja
 25595 | Orc:2    | Killed Sonja
 25884 | Orc:2    | Found a staircase to the Elven Halls.
 26060 | Orc:2    | Found an ancient bone altar of Kikubaaqudgha.
 26067 | Orc:2    | Received a gift from Trog
 26132 | Orc:2    | Found Foywes's Jewellery Emporium.
 26132 | Orc:2    | Noticed Erolcha
 26142 | Orc:2    | Killed Erolcha
 26151 | Orc:2    | Found a radiant altar of Vehumet.
 26222 | Orc:2    | Bought the ring of Xayst {rC+ Will++} for 606 gold pieces
 26237 | Orc:2    | Found Wozogge's Distillery.
 26247 | Orc:2    | Found Eruosal's Antique Weapon Emporium.
 26258 | Orc:2    | Found Hatirhetz's Distillery.
 26369 | Orc:2    | Bought a potion of mutation for 96 gold pieces
 26369 | Orc:2    | Gained mutation: You tend to lose your temper in combat.
                  | [potion of mutation]
 26369 | Orc:2    | Gained mutation: You are dopey. (Int -2) [potion of
                  | mutation]
 26369 | Orc:2    | Gained mutation: You sometimes lose the ability to read
                  | scrolls when taking damage. [potion of mutation]
 26369 | Orc:2    | Gained mutation: A frigid envelope surrounds you and
                  | freezes all who hurt you. [potion of mutation]
 26370 | Orc:2    | Lost mutation: You tend to lose your temper in combat.
                  | [potion of mutation]
 26370 | Orc:2    | Lost mutation: You sometimes lose the ability to read
                  | scrolls when taking damage. [potion of mutation]
 26370 | Orc:2    | Gained mutation: Your muscles are strong. (Str +2) [potion
                  | of mutation]
 26370 | Orc:2    | Gained mutation: You have a beak for a mouth. [potion of
                  | mutation]
 26370 | Orc:2    | Gained mutation: You have sharp toenails. [potion of
                  | mutation]
 26513 | Orc:1    | Noticed Vaimnom's ghost (journeyman VSMo)
 26562 | Orc:1    | Found a runed translucent door.
 26802 | Orc:1    | Killed Vaimnom's ghost
 27023 | Elf:1    | Entered Level 1 of the Elven Halls
 28562 | Orc:2    | Bought the amulet of Koluh {Faith rN+ Str-4 Int+2 Slay+3}
                  | for 894 gold pieces
 28847 | Elf:1    | Found Nusimo's Jewellery Boutique.
 28868 | Elf:1    | HP: 3/231 [deep elf archer/arrow (13)]
 28870 | Elf:1    | HP: 1/154 [poisoned by a deep elf archer]
 29720 | Orc:2    | Bought a ring of poison resistance for 300 gold pieces
 29882 | Snake:1  | Entered Level 1 of the Snake Pit
 29887 | Snake:1  | Noticed a nagaraja
 29892 | Snake:1  | Killed a nagaraja
 29974 | Snake:1  | Reached skill level 21 in Axes
 30025 | Snake:1  | Reached XP level 16. HP: 162/162 MP: 15/15
 30027 | Snake:1  | Received a gift from Trog
 30054 | Snake:1  | Found Poxotz's Jewellery Shop.
 31012 | Snake:1  | Shot with an arrow by a naga sharpshooter

Illustrated notes

Levels and vault maps discovered:
D:1:      dpeg_arrival_subterranean_lakeside_camping, layout_loops_corners
D:2:      wad_lake_hut, layout_basic, hellmonk_ecumenical_altar_leap_of_faith,
          minmay_randomly_rotated_circles
D:3:      layout_basic, minmay_cupped, uniq_crazy_yiuf_cottage, uniq_sigmund,
          uniq_ijyb
D:4:      layout_loops_ring, serial_shops, shop, gup_sewer_entry_bubbles
D:5:      nicolae_cairo_tiling_very_big, layout_basic,
          mainiacjoe_overflow_surrounded_room, uniq_blork_the_orc
D:6:      layout_basic, minmay_temple_entry_water_ring, serial_shops,
          nicolae_shop_stone, uniq_grinder
D:7:      layout_rooms, uniq_duvessa, uniq_menkaure
D:8:      layout_rooms, mainiacjoe_overflow_catwalk_spiral, serial_shops,
          nicolae_shop_crystal, special_room [special_room_orc]
D:9:      layout_long_grid, gammafunk_ghost_smash, uniq_psyche, uniq_maggie
D:10:     layout_basic, grunt_dithmenos_smoke, grunt_lair_entry_orc_guard_hut,
          enter_trove_5, serial_shops, shop, minmay_diamond_spiral
D:11:     layout_basic, hangedman_decor_lopped, uniq_nergalle, uniq_fannar
D:12:     minmay_the_grid_square_5x5_3x3 [minmay_the_grid_square_5x5_fat_x,
          minmay_the_grid_square_5x5_hourglass,
          minmay_the_grid_square_5x5_moneybag,
          minmay_the_grid_square_5x5_one_wall,
          minmay_the_grid_square_5x5_megaprize_crossed,
          minmay_the_grid_square_5x5_minibox, minmay_the_grid_square_5x5_lines,
          minmay_the_grid_square_5x5_dogpile,
          minmay_the_grid_square_5x5_beaten_path], layout_cave_pools,
          zombieorc2_lemuel, portal_ice_cave_rime, hangedman_fish_farm
Lair:1:   layout_cave_pods
Lair:2:   layout_gridlike, guppyfry_snake_entry_garden, serial_bayou_shore_b,
          infiniplex_staircase_pool_2, grunt_megastairs_5, lemuel_fruit_fields
Lair:3:   layout_gridlike
Lair:4:   layout_regular_city, minmay_swamp_entry_worms
Lair:5:   regret_index_combs_of_tragedy, layout_cave_pods, st_stairs_4
Lair:6:   minmay_lair_end_frog_pond, layout_long_grid,
          minmay_slime_entry_oklob_open, serial_bayou_shore_b
Snake:1:  layout_gridlike, serial_shops, nicolae_shop_advertising_works
          [nicolae_subvault_shop_adworks], st_stairs_4, grunt_ministairs_5,
          nicolae_snake_linked_coils
Orc:1:    layout_diamond_mine, hellmonk_ghost_happy_afterlife
Orc:2:    kennysheep_orc_mage_school, layout_diamond_mine,
          nicolae_volcano_entry_lava_flow, uniq_sonja
Elf:1:    eino_elf_arrival_shootout, layout_geoelf_grid, serial_shops,
          nicolae_shop_trees, minmay_elf_annihilation

Skill      XL: |  1  2  3  4  5  6  7  8  9 10 11 12 13 14 15 |
---------------+----------------------------------------------+-----
Axes           | 4 5 8 9 12 14 15 16 19 21 | 21.7
Fighting       | 4 9 12 16 17 20 | 20.0
Armour         | 3 12 13 | 13.0
Evocations     | 9 11 | 11.1
Dodging        | |  2.1

Action                   |  1- 3 |  4- 6 |  7- 9 | 10-12 | 13-15 | 16-18 || total
-------------------------+-------+-------+-------+-------+-------+-------++-------
Melee: Hand axe          |    88 |   146 |       |       |       |       ||   234
       Headbutt          |    13 |    32 |    46 |    88 |   236 |    10 ||   425
       Punch             |       |     3 |     1 |       |       |       ||     4
       War axe           |       |     4 |   292 |   384 |   945 |       ||  1625
       Battleaxe         |       |       |       |       |   172 |     4 ||   176
       Peck              |       |       |       |       |    29 |    11 ||    40
       Executioner's axe |       |       |       |       |       |    48 ||    48
Throw: Throwing net      |       |       |       |     2 |     3 |       ||     5
Invok: Trog's Hand       |       |     1 |     5 |     2 |    21 |     1 ||    30
       Berserk           |       |     1 |     3 |     1 |    12 |       ||    17
       Brothers in Arms  |       |       |       |     2 |     3 |       ||     5
Evoke: Wand              |       |       |       |     5 |     4 |       ||     9
       Box of beasts     |       |       |       |     2 |     3 |       ||     5
       Condenser vane    |       |       |       |     1 |     4 |       ||     5
       Phial of floods   |       |       |       |       |     1 |       ||     1
  Use: Scroll            |     5 |     6 |     6 |     4 |    12 |       ||    33
       Potion            |     1 |       |       |     1 |    13 |       ||    15
 Stab: Sleeping          |     1 |       |       |       |     1 |       ||     2
       Paralysed         |       |       |       |     6 |       |       ||     6
       Distracted        |       |       |       |       |       |     1 ||     1
Armor: Animal skin       |     1 |       |       |       |       |       ||     1
       Chain mail        |    38 |    64 |   126 |   125 |   347 |       ||   700
       Acid dragon scale |       |       |       |    15 |       |       ||    15
       Leather armour    |       |       |       |       |   169 |       ||   169
       Scale mail        |       |       |       |       |    20 |    28 ||    48
       Plate armour      |       |       |       |       |    12 |       ||    12
Dodge: Dodged            |    33 |    47 |    76 |   111 |   485 |    27 ||   779
Block: Buckler           |       |       |    23 |   170 |   299 |       ||   492
       Reflection        |       |       |       |     1 |       |       ||     1
       Other             |       |       |       |       |     2 |       ||     2
